 Dungeon Crawl Stone Soup version 0.29-a0-732-g3d7fbe0af2 (webtiles) character file.

Game seed: 14935353739592304695

71 gobodom the Ducker (level 4, 0/44 HPs)
             Began as a Troll Fighter on June 29, 2022.
             Succumbed to an adder's poison
             ... on level 3 of the Dungeon.
             The game lasted 00:03:36 (1783 turns).

gobodom the Ducker (Troll Fighter)                  Turns: 1783, Time: 00:03:37

Health: 0/44       AC:  5    Str: 24    XL:     4   Next: 5%
Magic:  3/3        EV: 10    Int:  6    God:
Gold:   135        SH:  0    Dex:  9    Spells: 3/3 levels left

rFire   . . .      SeeInvis .   a - +0 war axe
rCold   . . .      Faith    .   g - orb {mayhem}
rNeg    . . .      Spirit   .   b - +0 robe
rPois   .          Reflect  .   (helmet restricted)
rElec   .          Harm     .   n - +0 cloak
rCorr   .          Rampage  .   (gloves unavailable)
Will    .....                   (boots unavailable)
Stlth   +.........              (no amulet)
HPRegen 0.94/turn               (no ring)
MPRegen 0.08/turn               (no ring)

@: lethally poisoned (0 -> -1)
A: large, unfitting armour, claws 3, regeneration 1, shaggy fur 1, tough skin 1
a: no special abilities


You were on level 3 of the Dungeon.
You visited 1 branch of the dungeon, and saw 3 of its levels.

You collected 135 gold pieces.

Inventory:

Hand Weapons
 a - a +0 war axe (weapon)
Armour
 b - a +0 robe (worn)
 c - a +0 kite shield
 g - an orb of mayhem (worn)
 n - a +0 cloak (worn)
Jewellery
 o - a ring of positive energy
Scrolls
 f - 3 scrolls of magic mapping {unknown}
 i - 2 scrolls of identify {unknown}
 j - a scroll of fear {unknown}
 l - a scroll of amnesia {unknown}
 m - 2 scrolls of enchant weapon {unknown}
 p - a scroll of enchant armour {unknown}
 q - a scroll of teleportation {unknown}
Potions
 d - a potion of might
 e - 2 potions of curing {unknown}
 h - a potion of flight {unknown}
 k - 2 potions of haste {unknown}
 r - 2 potions of brilliance {unknown}


   Skills:
 + Level 2.7 Fighting
 + Level 2.3 Axes
 + Level 3.1 Dodging
 + Level 3.0 Shields


You had 3 spell levels left.
You didn't know any spells.
Your spell library was empty.

Dungeon Overview and Level Annotations

Branches:
Dungeon (3/15)

Altars:


Innate Abilities, Weirdness & Mutations

You are too large for most types of armour.
You have claws for hands.
Your natural rate of healing is unusually fast.
You are covered in fur. (AC +1)
You have tough skin. (AC +1)


Message History

You slash the hobgoblin!
You kill the hobgoblin!
The adder flies into a frenzy!
You feel sick. The adder bites you. The adder barely misses you.
The adder misses you.
You feel sick. The adder closely misses you. The adder barely misses you.
You see here a hobgoblin corpse.
You feel sick. The adder bites you.
You are more poisoned.
The adder poisons you! The adder closely misses you.
You slash the adder!
The adder is almost dead.
You feel very sick. The adder bites you but does no damage.
The adder bites you. The adder closely misses you.
You miss the adder.
The adder is almost dead.
You feel sick. The adder closely misses you. The adder barely misses you.
You miss the adder.
The adder is almost dead.
You feel sick. The adder bites you but does no damage. The adder bites you.
You are more poisoned.
The adder poisons you! The adder bites you but does no damage.
You barely miss the adder.
The adder is almost dead.
You feel sick. The adder bites you. x2
* * * LOW HITPOINT WARNING * * *
The adder bites you but does no damage.
You barely miss the adder.
The adder is almost dead.
You feel sick. The adder bites you.
* * * LOW HITPOINT WARNING * * *
The adder closely misses you. The adder bites you but does no damage.
You hit the adder but do no damage.
The adder is almost dead.
You feel sick. The adder barely misses you. The adder bites you.
* * * LOW HITPOINT WARNING * * *
The adder closely misses you.
You hit the adder.
You kill the adder!
You die...

...# .# ...#
#.### #..#
###.#.##..#
.......#..##
#.........#
#.....<.#
#.##.#.#...#
#...@†....#
###.#.#...#
.........#
##..........
#.##.######.#
#. #.# # #.
#.# #. #.#


There were no monsters in sight!

Vanquished Creatures
  3 adders
  6 dart slugs
  2 ball pythons
  4 bats
  3 endoplasms
  A giant cockroach (D:1)
  3 goblins
  5 hobgoblins
  A jackal (D:1)
  A quokka (D:2)
  A frilled lizard (D:2)
  5 kobolds
  4 rats
39 creatures vanquished.

Vanquished Creatures (collateral kills)
  A bat (D:1)
1 creature vanquished.

Vanquished Creatures (others)
  A hobgoblin (D:1)
  A bat (D:1)
2 creatures vanquished.

Grand Total: 42 creatures vanquished

Notes
Turn   | Place    | Note
-------+----------+-------------------------------------------
     0 | D:1      | gobodom the Troll Fighter began the quest for the Orb.
     0 | D:1      | Reached XP level 1. HP: 22/22 MP: 0/0
   243 | D:1      | Reached XP level 2. HP: 29/29 MP: 1/1
   578 | D:1      | Found a faded altar of an unknown god.
  1132 | D:2      | Reached XP level 3. HP: 27/36 MP: 2/2
  1705 | D:2      | Reached XP level 4. HP: 44/44 MP: 3/3
  1782 | D:3      | HP: 1/44 [adder (6)]
  1783 | D:3      | Succumbed to an adder's poison

Illustrated notes

Levels and vault maps discovered:
D:1:      minmay_arrival_semitransparent, layout_loops_corners,
          ebering_ecumenical_altar_mist, minmay_split_cup_large
D:2:      layout_loops_corners
D:3:      wad_pebble_path, layout_loops_ring, cheibrodos_ashenzari_chains,
          uniq_robin, uniq_crazy_yiuf_cottage

Skill      XL: |  1  2  3 |
---------------+----------+-----
Shields        | 3 |  3.0
Axes           | 2 |  2.3
Dodging        | 3 |  3.1
Fighting       | |  2.7

Action                   |  1- 3 |  4- 6 || total
-------------------------+-------+-------++-------
Melee: War axe           |   119 |    15 ||   134
 Stab: Sleeping          |     1 |       ||     1
Armor: Robe              |    61 |    11 ||    72
Dodge: Dodged            |    78 |    18 ||    96
Block: Kite shield       |     5 |       ||     5

Table legend: (Time is in decaauts)
 A = Elapsed time spent in this place.
 B = Non-inter-level travel time spent in this place.
 C = Inter-level travel time spent in this place.
 D = Time resting spent in this place.
 E = Time spent auto-exploring this place.
 F = Levels seen in this place.
 G = Mean time per level.
                   A        B        C        D        E       F      G
               +--------+--------+--------+--------+--------+-----+--------+
         Total |   1836 |   1773 |     63 |      0 |   1360 |   3 |  612.0 |
       Dungeon |   1836 |   1773 |     63 |      0 |   1360 |   3 |  612.0 |
               +--------+--------+--------+--------+--------+-----+--------+

Top non-repeatable levels by time:
     D:1: 969 daAuts
     D:2: 841 daAuts
     D:3: 25 daAuts
